Map: Malwarfare

Players

MattBarry

  • Race: Terran Terran
  • Spawn Location: 7:00

MattBarry

  • Race: Zerg Zerg

VOD

Have the link to the VOD?

Description

Time

  • Played on: Dec. 25, 2022, 3:29 a.m.
  • Length: 29:43
Show
View Real Time Build Order
Export as new Build Order

MattBarry Terran 

Build Orders:  

Get SALT Encoding   

  12  0:03  SCV  
  3  0:20  SCV  
  14  0:36  SCV  
  14  0:38  Barracks  
  15  0:53  SCV  
  15  0:54  Refinery  
  16  1:10  SCV  
  17  1:21  Engineering Bay  
  17  1:27  SCV  
  18  1:44  SCV  
  19  1:54  Barracks Tech Lab  
  19  2:01  SCV  
  20  2:18  SCV  
  21  2:35  SCV  
  22  2:50  Elite Marine  
  22  2:57  SCV  
  27  3:13  Factory  
  27  3:14  SCV  
  28  3:35  SCV  
  28  3:39  Refinery  
  29  3:58  SCV  
  30  4:23  Ghost Visor  
  30  4:25  Factory Tech Lab  
  30  4:54  Hellbat Rangers  
  30  4:57  SCV  
  35  5:12  Terran Infantry Weapons Level 1  
  35  7:03  Elite Marine  
  39  7:20  Starport  
  39  7:30  Hellbat Rangers  
  43  7:52  Terran Infantry Armor Level 1  
  43  8:34  Starport Tech Lab  
  43  8:43  Hellbat Rangers  
  47  9:47  Laser Targeting System  
  47  10:01  Covert Banshee  
  47  10:03  Raven Type-II  
  55  11:39  Command Center  
  55  12:01  Elite Marine  
  59  12:14  Heavy Siege Tank  
  65  13:28  Hellbat Rangers  
  69  14:29  Armory  
  69  14:32  Advanced Cloaking Field  
  69  14:33  Infernal Pre-Igniter  
  68  15:00  Hellbat Rangers  
  72  15:32  Hellbat Rangers  
  76  16:42  Raven Type-II  
  76  16:46  Covert Banshee  
  84  16:54  Elite Marine  
  84  17:27  Refinery  
  84  17:32  SCV x2  
  86  17:48  SCV  
  86  17:49  SCV  
  88  18:05  SCV  
  89  18:17  Hellbat Rangers  
  93  18:25  Strike Goliath  
  99  19:59  Terran Vehicle and Ship Weapons Level 1  
  99  20:00  Terran Infantry Weapons Level 2  
  99  20:05  Engineering Bay  
  99  20:42  Refinery  
  99  20:49  SCV  
  92  23:11  Elite Marine  
  91  24:48  Strike Goliath  
  95  26:06  Hellbat Rangers  
  95  26:38  Strike Goliath  
  94  27:46  Hellbat Rangers  
  92  29:25  Raven Type-II  
  92  29:29  Covert Banshee  
Show
View Real Time Build Order
Export as new Build Order

MattBarry Zerg 

Build Orders:  

Get SALT Encoding   

  12  0:05  Infested SCV  
  13  0:13  Infested SCV  
  14  0:26  Overlord  
  14  0:37  Overlord  
  14  0:54  Infested SCV x2  
  16  1:08  Infested Refinery  
  16  1:35  Infested Barracks  
  16  2:41  Infested Command Center  
  16  3:03  Infested Bunker  
  20  3:15  Infested Bunker  
  24  3:32  Anaerobic Enhancement  
  24  3:54  Infested SCV  
  24  3:56  Infested SCV x3  
  24  3:59  Infested SCV  
  29  4:57  Infested Refinery  
  29  5:14  Infested Marine  
  30  5:22  Infested Barracks Tech Lab  
  30  5:26  Infested SCV  
  30  5:27  Overlord  
  30  7:23  Infestation Level 1  
  30  7:29  Infested Command Center  
  30  7:44  Infested SCV  
  30  7:46  Infested SCV x2  
  30  7:48  Overlord x2  
  33  8:58  Infested Bunker  
  33  8:59  Infested Bunker  
  41  9:44  Infested Engineering Bay  
  41  9:47  Infested Engineering Bay  
  41  10:00  Infested Factory  
  41  10:02  Infested SCV  
  41  10:04  Infested SCV  
  43  10:29  Infestation Level 2  
  43  10:48  Infested SCV x4  
  43  10:49  Infested SCV  
  48  11:22  Infested Bunker  
  56  12:07  Infested Marine  
  56  12:08  Infested Marine x9  
  66  12:11  Infested Bunker  
  66  12:13  Stukov Infantry Weapons Level 1  
  66  12:15  Stukov Infantry Armor Level 1  
  66  12:16  Infested SCV  
  67  12:38  Infested Starport  
  67  13:39  Infested SCV  
  68  13:40  Overlord  
  68  13:41  Overlord  
  68  13:42  Overlord x2  
  58  14:36  Infested Barracks  
  58  14:40  Infested SCV  
  58  14:41  Infested SCV x3  
  58  14:42  Infested SCV, Overlord x2  
  58  14:43  Overlord  
  58  14:44  Overlord  
  63  15:41  Infested Barracks  
  63  15:44  Infested Starport  
  63  15:47  Infested Starport  
  63  15:50  Infested Starport  
  63  16:01  Infested Starport Tech Lab, Infested Starport  
  63  16:26  Infested SCV x3  
  66  16:45  Infested Barracks  
  66  16:51  Infested Factory Tech Lab  
  66  17:01  Infested SCV  
  66  17:02  Infested SCV x3  
  69  17:29  Unknown  
  69  17:47  Infested Marine x8  
  69  17:48  Infested Marine x2  
  79  17:56  Stukov Infantry Weapons Level 2  
  79  18:09  Infested Starport Tech Lab  
  79  18:10  Infested Starport Tech Lab  
  79  18:12  Infested Starport  
  79  18:13  Infested Starport Tech Lab  
  79  18:14  Infested Banshee x3  
  79  18:18  Infested Banshee x2  
  98  18:40  Infested Bunker  
  98  18:43  Infested Banshee  
  98  18:44  Infested Banshee x4  
  106  19:27  Infested Banshee x5  
  112  19:31  Infested Banshee  
  115  20:10  Infested Banshee  
  118  20:25  Infested Refinery  
  118  20:29  Infested Refinery  
  118  20:33  Infested SCV  
  118  20:34  Infested SCV x4  
  123  20:40  Overlord  
  123  20:41  Overlord  
  123  21:08  Infested Factory, Infested Factory Tech Lab  
  122  22:39  Infested Siege Tank x5  
  137  22:49  Infested SCV x5  
  127  23:56  Infested Armory  
  127  24:01  Infested Banshee x4  
  127  24:02  Infested Banshee x3  
  148  24:13  Infested SCV  
  148  24:14  Overlord x3  
  148  24:15  Overlord  
  113  24:57  Infested Marine  
  113  24:58  Infested Marine x18  
  113  24:59  Infested Marine x11  
  143  25:27  Infested Factory  
  143  25:28  Infested Factory  
  143  25:29  Infested Factory  
  143  25:30  Infested Factory  
  113  27:02  Infested Factory Tech Lab x3  
  113  28:12  Infested Siege Tank x2  
  113  28:15  Infested Siege Tank x3  
  113  28:16  Infested Siege Tank x2  
  113  28:19  Infested Siege Tank  
  131  28:26  Overlord x3  
  131  28:27  Infested SCV, Infested Factory, Infested Factory Tech Lab  
  131  28:28  Infested SCV x6  
Tags
 
Commander
NovaStukov
Matchup
Co-op
Replay Pack
Multiplayer
Add a new tag
Caveats
  • Supply blocks, unpowered buildings, or Contaminate may cause inaccurate times.
  • Supply counts are checked every 10 seconds.